 Dungeon Crawl Stone Soup version 0.31-a0-188-g5e087ee2ca (webtiles) character file.

Game seed: 2272269257474010175

88 qw the Shooter (level 4, -1/25 HPs)
             Began as a Deep Elf Hunter on June 23, 2023.
             Constricted to death by Ijyb (5 damage)
             ... on level 3 of the Dungeon.
             The game lasted 00:00:47 (1867 turns).

qw the Shooter (Deep Elf Hunter)                    Turns: 1867, Time: 00:00:47

Health: -1/25      AC:  6    Str: 10    XL:     4   Next: 29%
Magic:  6/6        EV:  6    Int: 14    God:
Gold:   87         SH:  0    Dex: 18    Spells: 3/3 levels left

rFire   . . .        Y - +0 shortbow
rCold   . . .        (shield currently unavailable)
rNeg    . . .        a - +0 scale mail
rPois   .            (no helmet)
rElec   .            (no cloak)
rCorr   .            (no gloves)
SInv    .            (no boots)
Will    .....        (no amulet)
Stlth   +            (no ring)
HPRegen 0.24/turn    (no ring)
MPRegen 0.10/turn

%: no passive effects
@: grasped by roots, constricted
A: no striking features
a: no special abilities


You were on level 3 of the Dungeon.
You visited 1 branch of the dungeon, and saw 3 of its levels.

You collected 87 gold pieces.


   Skills:
 - Level 1.5 Fighting
 + Level 7.7 Ranged Weapons
 - Level 2.4 Dodging
 - Level 1.2 Stealth


You had 3 spell levels left.
You didn't know any spells.
Your spell library was empty.

Inventory:

Hand Weapons
 Y - a +0 shortbow (weapon)
Armour
 a - a +0 scale mail (worn)
 l - a +0 ring mail
Jewellery
 f - a ring of see invisible
 j - an amulet of regeneration
Scrolls
 c - a scroll of enchant weapon {unknown}
 h - 2 scrolls of identify
Potions
 b - a potion of curing {unknown}
 d - a potion of degeneration {unknown}
 e - a potion of invisibility {unknown}
 g - a potion of enlightenment {unknown}
 i - 2 potions of heal wounds {unknown}
 k - a potion of lignification {unknown}

Dungeon Overview and Level Annotations

Branches:
Dungeon (3/15)

Altars:
Wu Jian

Annotations:
D:3 3 runed translucent doors, Ijyb; qw's ghost, amateur DEHu


Message History

Enter note:
Enter note:
Enter note:
Enter note:
Enter note: You shoot an arrow.
The arrow hits Ijyb but does no damage.
Ijyb zaps a wand.
The roots erupt in riotous growth!
The grasping roots grab you! The grasping roots constrict you.
You shoot an arrow. The arrow misses Ijyb.
The grasping roots constrict you.
You shoot an arrow. The arrow barely misses Ijyb.
The grasping roots constrict you.
The grasping roots release their grip on you.
You shoot an arrow. The arrow hits Ijyb.
Ijyb is moderately wounded.
Ijyb closely misses you.
You shoot an arrow. The arrow closely misses Ijyb.
Ijyb zaps a wand.
The roots erupt in riotous growth!
The grasping roots grab you!
Ijyb is unaffected.
The grasping roots constrict you.
You shoot an arrow. The arrow hits Ijyb.
Ijyb is moderately wounded.
Ijyb hits you but does no damage. The grasping roots constrict you.
You shoot an arrow. The arrow hits Ijyb but does no damage.
Ijyb is moderately wounded.
Ijyb hits you but does no damage. The grasping roots constrict you.
Ijyb closely misses you. The grasping roots constrict you.
The grasping roots release their grip on you.
You shoot an arrow. The arrow hits Ijyb.
Ijyb is moderately wounded.
Ijyb hits you but does no damage.
You shoot an arrow. The arrow barely misses Ijyb.
Ijyb barely misses you.
You shoot an arrow. The arrow hits Ijyb but does no damage.
Ijyb is moderately wounded.
Ijyb zaps a wand.
The roots erupt in riotous growth!
The grasping roots grab you!
Ijyb is unaffected.
The grasping roots constrict you.
You die...

#....######### ..
.....# #. ...
.....# #.....
.....# #....#
.....# #....#
.....# #.... %....#
#.#.# >....#######
#.#g# ............
#.@.#
.....##########..##
####.............#
###########...#
#####


You could see Ijyb.

Vanquished Creatures
  2 adders (D:2)
  2 worms
  An orc (D:3)
  8 ball pythons
  5 endoplasms
  4 giant cockroaches
  6 goblins
  4 hobgoblins
  3 jackals (D:1)
  9 kobolds
  3 quokkas
  2 bats (D:1)
  4 frilled lizards
  2 rats (D:3)
55 creatures vanquished.

Notes
Turn   | Place    | Note
-------+----------+-------------------------------------------
     0 | D:1      | qw the Deep Elf Hunter began the quest for the Orb.
     0 | D:1      | Reached XP level 1. HP: 12/12 MP: 3/3
     0 | D:1      | 0 ||| qw: Version: 0.3-a-9-g12657ce
     0 | D:1      | 0 ||| qw: Game counter: 4314
     0 | D:1      | 0 ||| qw: Always use a shield: true
     0 | D:1      | 0 ||| qw: God list: Okawaru
     0 | D:1      | 0 ||| qw: Allow faded altars: false
     0 | D:1      | 0 ||| qw: Do Orc after D:15 true
     0 | D:1      | 0 ||| qw: Do second Lair branch before Depths: true
     0 | D:1      | 0 ||| qw: Lair rune preference: random
     0 | D:1      | 0 ||| qw: Plans: Normal
     0 | D:1      | 0 ||| PLANNING D:1-11
   153 | D:1      | Reached skill level 6 in Ranged Weapons
   153 | D:1      | Reached XP level 2. HP: 5/16 MP: 4/4
   504 | D:1      | 504 ||| READING scroll labelled JACUDI VEANN.
   505 | D:1      | 505 ||| READING 2 scrolls labelled MEID ETINA.
   508 | D:1      | 508 ||| READING scroll labelled KUILAANOEXT.
   609 | D:1      | 609 ||| READING 2 scrolls labelled NIMMOD FEF TAO.
   610 | D:1      | 610 ||| READING scroll labelled QIGURCH LAJINN.
   611 | D:1      | 611 ||| READING scroll labelled ICIQOATEUL.
   612 | D:1      | 612 ||| READING scroll labelled QEISCH CYITS.
   613 | D:1      | 613 ||| DROPPING scroll of butterflies.
   641 | D:2      | Reached XP level 3. HP: 20/20 MP: 5/5
   642 | D:2      | 642 ||| STAIRDANCE
   741 | D:2      | Identified the +4 whip of Qomo {heavy, rC+ Int+3 Dex+3}
   897 | D:2      | Reached skill level 7 in Ranged Weapons
   898 | D:2      | HP: 5/20 [goblin/+0 dagger (2)]
   899 | D:2      | 899 ||| READING scroll of teleportation.
   900 | D:2      | HP: 2/20 [poisoned by an adder]
  1012 | D:2      | Found an ornate altar of the Wu Jian Council.
  1071 | D:2      | 1071 ||| FLEEEEING.
  1072 | D:2      | 1072 ||| FLEEEEING.
  1073 | D:2      | 1073 ||| FLEEEEING.
  1275 | D:2      | 1275 ||| UPGRADING to +0 scale mail.
  1285 | D:2      | 1285 ||| DROPPING +0 leather armour.
  1329 | D:3      | 1329 ||| STAIRDANCE
  1336 | D:2      | Reached XP level 4. HP: 24/25 MP: 6/6
  1342 | D:3      | 1342 ||| STAIRDANCE
  1385 | D:3      | HP: 6/25 [kobold/+0 short sword (3)]
  1386 | D:3      | 1386 ||| STAIRDANCE
  1567 | D:3      | Found a runed translucent gate.
  1568 | D:3      | Found a runed translucent gate.
  1569 | D:3      | Found a runed translucent gate.
  1569 | D:3      | Noticed qw's ghost (amateur DEHu)
  1729 | D:3      | Found a faded altar of an unknown god.
  1857 | D:3      | Noticed Ijyb
  1864 | D:3      | HP: 6/25 [constriction (5)]
  1867 | D:3      | Constricted to death by Ijyb

Levels and vault maps discovered:
D:1:      sevenhm_arrival_forest_fort_large_2, layout_rooms
D:2:      layout_rooms, basic_altar, corexii_corridor_pit
D:3:      layout_rooms, gammafunk_ghost_split, ebering_ecumenical_altar_box,
          minivault_5, uniq_ijyb

Skill      XL: |  1  2  3 |
---------------+----------+-----
Ranged Weapons | 6 7 |  7.7
Fighting       | |  1.5
Dodging        | |  2.4
Stealth        | |  1.2

Action                     |  1- 3 |  4- 6 || total
---------------------------+-------+-------++-------
   Fire: Shortbow          |   111 |    51 ||   162
    Use: Scroll            |     8 |       ||     8
 Armour: Leather armour    |     6 |       ||     6
         Scale mail        |     9 |    30 ||    39
  Dodge: Dodged            |    37 |    13 ||    50

Table legend:
 A = Non-vault XP
 B = Vault XP
 C = Vault XP percentage of total XP
 D = Non-vault monster count
 E = Vault monster count
 F = Vault count percentage of total count
                 A         B        C        D         E       F
            +---------+---------+-------+---------+---------+-------
      Total |     126 |       0 |   0.0 |      55 |       0 |   0.0
            +---------+---------+-------+---------+---------+-------
        D:1 |      32 |       0 |   0.0 |      18 |       0 |   0.0
        D:2 |      66 |       0 |   0.0 |      23 |       0 |   0.0
        D:3 |      28 |       0 |   0.0 |      14 |       0 |   0.0
            +---------+---------+-------+---------+---------+-------
